 Dungeon Crawl Stone Soup version 0.31.0-11-ge490571c62 (webtiles) character file.

Game seed: 2291211983934511970

269 browni3141 the Chopper (level 6, 0/55 HPs)
             Began as a Minotaur Fighter on Jan 28, 2024.
             Succumbed to an orc wizard's poison
             ... on level 4 of the Dungeon.
             The game lasted 00:01:23 (2669 turns).

browni3141 the Chopper (Minotaur Fighter)           Turns: 2669, Time: 00:01:23

Health: 0/55       AC: 11    Str: 23    XL:     6   Next: 1%
Magic:  5/5        EV:  8    Int:  5    God:
Gold:   301        SH:  4    Dex:  9    Spells: 5/5 levels left

rFire   . . .        a - +0 war axe
rCold   . . .        c - +0 buckler
rNeg    . . .        m - +0 chain mail
rPois   .            (helmet restricted)
rElec   .            l - +0 cloak
rCorr   .            (no gloves)
SInv    .            (no boots)
Will    .....        (no amulet) Stlth
                     (no ring)
HPRegen 0.29/turn    (no ring)
MPRegen 0.09/turn

%: no passive effects
@: lethally poisoned (0 -> -19), attractive
A: horns 2, retaliatory headbutt
a: no special abilities


You were on level 4 of the Dungeon.
You visited 1 branch of the dungeon, and saw 4 of its levels.

You collected 301 gold pieces.

Inventory:

Hand Weapons
 a - a +0 war axe (weapon)
Armour
 b - a +0 scale mail
 c - a +0 buckler (worn)
 l - a +0 cloak (worn)
 m - a +0 chain mail (worn)
Wands
 k - a wand of flame (17)
 q - a wand of paralysis (7)
Scrolls
 h - a scroll of enchant weapon {unknown}
 i - 2 scrolls of teleportation {unknown}
 j - 4 scrolls of identify {unknown}
 n - a scroll of vulnerability {unknown}
 o - a scroll of poison {unknown}
 p - a scroll of fear {unknown}
Potions
 d - a potion of might
 e - a potion of attraction


   Skills:
 + Level 4.8 Fighting
 * Level 5.1 Axes
 + Level 4.9 Armour
 + Level 4.8 Shields


You had 5 spell levels left.
You didn't know any spells.
Your spell library contained the following spells:

 Spells                   Type           Power      Damage    Failure   Level
 Sublimation of Blood     Necr           0%         N/A       99%         2
 Inner Flame              Hex/Fire       0%         N/A       100%        3
 Flame Wave               Conj/Fire      0%         2d4       100%        4
 Petrify                  Alch/Erth      0%         N/A       100%        4
 Sticky Flame             Fire/Alch      0%         2d4       100%        4
 Irradiate                Conj/Alch      0%         3d11      100%        5
 Ignition                 Fire           0%         3d3       100%        8
 Chain Lightning          Conj/Air       0%         N/A       100%        9
 Fire Storm               Conj/Fire      0%         5d1       100%        9
 Shatter                  Erth           0%         3d5*      100%        9


Dungeon Overview and Level Annotations

Branches:
Dungeon (4/15)
 Temple: D:4-7

Altars:
Wu Jian

Shops:
D:1 [


Innate Abilities, Weirdness & Mutations

You have a pair of horns on your head.
You reflexively headbutt those who attack you in melee.


Message History

An endoplasm comes into view.
The orc wizard barely misses you.
You hit the phantom.
The phantom is severely damaged.
You hit the orc wizard. You closely miss the orc. You closely miss the kobold.
The phantom closely misses you. The orc barely misses you.
You furiously retaliate!
You headbutt the orc!
You kill the orc!
The kobold closely misses you.
The orc wizard casts a spell.
The orc wizard flickers and vanishes!
Deactivating autopickup; reactivate with Ctrl-A.
The orc hits you but does no damage. Something hits you but does no damage.
You are poisoned.
You block the phantom's attack. The kobold hits you but does no damage.
You hit the phantom. Your headbutt misses the phantom.
The phantom is almost destroyed.
You barely miss something. You closely miss the orc. You slash the kobold!
You kill the kobold!
You feel sick. Something hits you but does no damage.
You are more poisoned.
The orc barely misses you. The phantom barely misses you.
You hit the phantom but do no damage.
The phantom is almost destroyed.
You slash the orc! You closely miss something.
You feel very sick. The phantom hits you. Something hits you.
You are more poisoned.
The orc hits you but does no damage.
You closely miss the phantom. Your headbutt misses the phantom.
The phantom is almost destroyed.
You hit the orc.
You kill the orc!
You barely miss something.
You feel very sick. The phantom barely misses you.
Something hits you but does no damage.
You are more poisoned.
You slash the phantom!
You destroy the phantom!
You closely miss something.
You feel very sick. Something hits you but does no damage.
The endoplasm jiggles.
The endoplasm barely misses you. You furiously retaliate!
You headbutt the endoplasm!
You kill the endoplasm!
Something hits you but does no damage.
You are more poisoned.
Your Axes skill increases to level 5!
You have reached level 6!
You miss something.
You feel very sick.
You hear some strange, mumbled words.
You are confused.
You closely miss something.
You feel very sick. Something hits you but does no damage.
You are lethally poisoned!
You feel very sick.
You see here a +0 dagger.
It was a potion of attraction.
You feel attractive to monsters.
You feel very sick. Something hits you but does no damage.
It was a potion of curing.
You feel better. Something hits you but does no damage.
You are poisoned.
Okay, then.
You miss something. You headbutt something.
You feel sick.
Something hits you but does no damage. x2
You are more poisoned.
You miss something. Your headbutt misses something.
You feel very sick. Something hits you but does no damage.
You are lethally poisoned!
You barely miss something.
You feel very sick. Something completely misses you.
It was a potion of heal wounds.
You feel much better.
You feel very sick.
You hear some strange, mumbled words.
You are confused.
You feel sick.
You feel sick.
You feel sick. Something hits you.
You are more poisoned.
You feel very sick. Something hits you.
You nearly stumble into some lava!
You feel very sick. Something hits you but does no damage.
You are lethally poisoned!
You're too confused to move!
You feel very sick. Something hits you.
You feel less confused.
You feel very sick. Something hits you but does no damage.
You are more poisoned.
You die...

#####........§.§........
# #.≈§≈≈≈≈≈§≈§........
##.§§.....§≈.........
#..≈.≈.≈≈≈.≈.........
##..≈.≈...≈...........
#...≈.≈._.≈.§.........
###§§.§...≈.≈.........
#.≈.§≈≈≈≈.≈.........
#.≈.......≈{@.......
#.≈§≈§≈≈≈≈§.)$......
#............$......
##........#.).......
########.###....... #.#
##..... #.# .##.. #.. ##
## ###


There were no monsters in sight!

Vanquished Creatures
  A phantom (D:4)
  A bombardier beetle (D:3)
  Crazy Yiuf (D:2)
  Ijyb (D:3)
  A gnoll (D:1)
  An adder (D:2)
  A dart slug (D:2)
  2 ribbon worms
  8 orcs
  6 ball pythons
  5 endoplasms
  A giant cockroach (D:2)
  5 goblins
  6 hobgoblins
  7 jackals
  6 kobolds
  3 quokkas
  10 bats
  2 frilled lizards (D:1)
  5 rats
73 creatures vanquished.

Notes
Turn   | Place    | Note
-------+----------+-------------------------------------------
     0 | D:1      | browni3141 the Minotaur Fighter began the quest for the
                  | Orb.
     0 | D:1      | Reached XP level 1. HP: 19/19 MP: 0/0
   111 | D:1      | Reached XP level 2. HP: 23/27 MP: 1/1
   272 | D:1      | Found Vaupuj's Armour Emporium.
   285 | D:1      | Reached skill level 3 in Axes
   577 | D:1      | Reached XP level 3. HP: 27/33 MP: 2/2
  1019 | D:2      | Found a runed translucent door.
  1020 | D:2      | Noticed Crazy Yiuf
  1320 | D:2      | Reached XP level 4. HP: 34/40 MP: 3/3
  1641 | D:2      | Killed Crazy Yiuf
  1642 | D:2      | Reached skill level 4 in Axes
  2043 | D:3      | Reached XP level 5. HP: 44/47 MP: 4/4
  2197 | D:3      | Noticed Ijyb
  2208 | D:3      | Killed Ijyb
  2615 | D:4      | Found an ornate altar of the Wu Jian Council.
  2639 | D:4      | Noticed a phantom
  2652 | D:4      | Killed a phantom
  2653 | D:4      | Reached skill level 5 in Axes
  2653 | D:4      | Reached XP level 6. HP: 27/55 MP: 5/5
  2669 | D:4      | Succumbed to an orc wizard's poison

Illustrated notes

Levels and vault maps discovered:
D:1:      roderic_dead_forest, layout_basic, serial_shops, nicolae_shop_stone
D:2:      layout_loops_cross, uniq_crazy_yiuf_cottage
D:3:      layout_rooms, minmay_goblin_outpost, uniq_ijyb
D:4:      layout_layer_cave, mainiacjoe_overflow_concentric_impassable

Skill      XL: |  1  2  3  4  5 |
---------------+----------------+-----
Axes           | 3 4 5 |  5.1
Fighting       | 4 |  4.8
Armour         | 4 |  4.9
Shields        | 4 |  4.8

Action                     |  1- 3 |  4- 6 || total
---------------------------+-------+-------++-------
  Melee: War axe           |    81 |    73 ||   154
         Headbutt          |     9 |     8 ||    17
    Use: Potion            |       |     3 ||     3
 Armour: Scale mail        |    77 |     4 ||    81
         Chain mail        |       |    63 ||    63
  Dodge: Dodged            |    49 |    35 ||    84
  Block: Buckler           |    18 |    13 ||    31
